 Dungeon Crawl Stone Soup version 0.30-a0-1124-g6e8f0f562f (webtiles) character file.

Game seed: 6843037416721474707

19 CrazyBamboolord the Grave Robber (level 2, 0/19 HPs)
             Began as a Demonspawn Necromancer on Apr 23, 2023.
             Slain by a gnoll
             ... wielding a +0 spear
              (9 damage)
             ... on level 1 of the Dungeon.
             The game lasted 00:02:06 (459 turns).

CrazyBamboolord the Grave Robber (DsNe)              Turns: 459, Time: 00:02:07

Health: 0/19       AC:  2    Str:  8    XL:     2   Next: 55%
Magic:  1/5        EV: 12    Int: 16    God:
Gold:   14         SH:  0    Dex: 13    Spells: 4/5 levels left

rFire   . . .        (no weapon)
rCold   . . .        (no shield)
rNeg    . . .        a - +0 robe
rPois   .            (no helmet)
rElec   .            (no cloak)
rCorr   .            (no gloves)
SInv    .            (no boots)
Will    .....        (no amulet)
Stlth   ++           (no ring)
HPRegen 0.23/turn    (no ring)
MPRegen 0.18/turn

%: no passive effects
@: no status effects
A: magic regeneration
a: no special abilities


You were on level 1 of the Dungeon.
You visited 1 branch of the dungeon, and saw 1 of its levels.

You collected 14 gold pieces.

Inventory:

Armour
 a - a +0 robe (worn)
Scrolls
 c - a scroll of teleportation {unknown}
 d - a scroll of brand weapon {unknown}
 e - a scroll of butterflies {unknown}
 f - a scroll of vulnerability {unknown}
Potions
 b - a potion of magic
 g - a potion of haste {unknown}


   Skills:
 * Level 0.1 Fighting
 * Level 1.9 Dodging
 + Level 1.9 Stealth
 * Level 2.3 Spellcasting
 * Level 4.7 Necromancy


You had 4 spell levels left.
You knew the following spells:

 Your Spells              Type           Power      Damage    Failure   Level
a - Necrotise             Necr           68%        1d7       2%          1

Your spell library contained the following spells:

 Spells                   Type           Power      Damage    Failure   Level
 Vampiric Draining        Necr           17%        2d7       9%          3
 Animate Dead             Necr           17%        N/A       28%         4
 Agony                    Necr           17%        N/A       61%         5


Dungeon Overview and Level Annotations

Branches:
Dungeon (1/15)

Altars:


Innate Abilities, Weirdness & Mutations

You regenerate magic rapidly.


Message History

The ball python writhes in agony.
You kill the ball python!
The dead are slithering!
You hear a shout!
A gnoll comes into view. It is wielding a +0 spear.
Your ball python skeleton bites the gnoll but does no damage.
Your ball python skeleton barely misses the gnoll.
A gnoll is nearby!
Aiming: Necrotise (safe; 2% risk of failure)
Press: ? - help, Q - select action Shift-Dir - straight line, f - you
Okay, then.
The gnoll throws a stone.
The stone hits your ball python skeleton.
Your ball python skeleton bites the gnoll.
Your ball python skeleton barely misses the gnoll.
The gnoll throws a stone.
The stone hits your ball python skeleton.
Your ball python skeleton is destroyed!
The gnoll hits you but does no damage.
Aiming: Necrotise (safe; 2% risk of failure)
Press: ? - help, Q - select action Shift-Dir - straight line, f - gnoll
Aim: a gnoll, wielding a +0 spear and quivering stones (lightly wounded, chance to affect: 81%)
The gnoll writhes in agony.
The gnoll barely misses you.
Aiming: Necrotise (safe; 2% risk of failure)
Press: ? - help, Q - select action Shift-Dir - straight line, f/p - gnoll
Aim: a gnoll, wielding a +0 spear and quivering stones (moderately wounded, chance to affect: 81%)
The gnoll writhes in agony.
The gnoll hits you with a +0 spear.
Aiming: Necrotise (safe; 2% risk of failure)
Press: ? - help, Q - select action Shift-Dir - straight line, f/p - gnoll
Aim: a gnoll, wielding a +0 spear and quivering stones (moderately wounded, chance to affect: 81%)
The gnoll writhes in agony.
The gnoll hits you with a +0 spear.
Aiming: Necrotise (safe; 2% risk of failure)
Press: ? - help, Q - select action Shift-Dir - straight line, f/p - gnoll
Aim: a gnoll, wielding a +0 spear and quivering stones (severely wounded, chance to affect: 81%)
The gnoll barely resists.
The gnoll hits you with a +0 spear!
You die...

..# # ..
###.....#######
..###.##.#
#..............
)........#
######.#.....#######
...##.....
#......##...## #.
...#..>###
#.####.###### #.
##........ ####.# #.
##.....### #.>..# #.
.#.#...### #.##.# #>
...#...... #@##.#
####### #.
.#.#...####.
#.g....# #.....# #.
##..........
###.######.....# #.
##.......... ..#
#.......# ##
............ ..#
#.#.....## #
.......####.# #..#
#........# #
####........# #..#
#..#####.# #
#...##### #..#
#..#####.#### #...#
###..#
##.)##........


You could see a gnoll.

Vanquished Creatures
  2 dart slugs (D:1)
  2 ball pythons (D:1)
  2 endoplasms (D:1)
  A giant cockroach (D:1)
  A goblin (D:1)
  A hobgoblin (D:1)
  2 frilled lizards (D:1)
  2 kobolds (D:1)
  A rat (D:1)
14 creatures vanquished.

Vanquished Creatures (collateral kills)
  A kobold (D:1)
1 creature vanquished.

Grand Total: 15 creatures vanquished

Notes
Turn   | Place    | Note
-------+----------+-------------------------------------------
     0 | D:1      | CrazyBamboolord the Demonspawn Necromancer began the quest
                  | for the Orb.
     0 | D:1      | Reached XP level 1. HP: 13/13 MP: 3/3
   148 | D:1      | Gained mutation: You regenerate magic rapidly. [demonic
                  | ancestry]
   148 | D:1      | Reached XP level 2. HP: 16/19 MP: 0/5
   459 | D:1      | Slain by a gnoll

Illustrated notes

Levels and vault maps discovered:
D:1:      minmay_arrival_cross, layout_loops_cross, grunt_decor_resistance,
          minmay_misc_feat_enclosed

Action                     || total
---------------------------++-------
  Melee: Unarmed           ||     9
   Cast: Necrotise         ||    31
 Armour: Robe              ||     1
  Dodge: Dodged            ||     6

Table legend: (Time is in decaauts)
 A = Elapsed time spent in this place.
 B = Non-inter-level travel time spent in this place.
 C = Inter-level travel time spent in this place.
 D = Time resting spent in this place.
 E = Time spent auto-exploring this place.
 F = Levels seen in this place.
 G = Mean time per level.
                   A        B        C        D        E       F      G
               +--------+--------+--------+--------+--------+-----+--------+
         Total |    459 |    459 |      0 |      0 |    370 |   1 |  459.0 |
       Dungeon |    459 |    459 |      0 |      0 |    370 |   1 |  459.0 |
               +--------+--------+--------+--------+--------+-----+--------+

Top non-repeatable levels by time:
     D:1: 459 daAuts
